 Dungeon Crawl Stone Soup version 0.31.0-11-ge490571c62 (webtiles) character file.

Game seed: 17913028376228250873

36 Chiseanne the Changeling (level 3, -2/36 HPs)
             Began as an Octopode Shapeshifter on Feb 8, 2024.
             Succumbed to Robin's poison
             ... on level 2 of the Dungeon.
             The game lasted 00:02:19 (1257 turns).

Chiseanne the Changeling (Octopode Shapeshifter)    Turns: 1257, Time: 00:02:19

Health: -2/36      AC: 21    Str: 13    XL:     3   Next: 37%
Magic:  3/3        EV:  2    Int: 12    God:
Gold:   45         SH:  0    Dex: 13    Spells: 2/2 levels left

rFire   + . .        a - +2 short sword (venom)
rCold   . . .        (no shield)
rNeg    . . .        (helmet currently unavailable)
rPois   +            (no amulet)
rElec   .            h - ring of protection from fire
rCorr   .            (no ring)
SInv    .            (no ring)
Will    .....        (no ring)
Stlth   ++           (no ring)
HPRegen 0.26/turn    (no ring)
MPRegen 0.08/turn    (no ring)
                     (no ring)

%: no passive effects
@: lethally poisoned (-2 -> -29), tree-form
A: stationary, stasis, torment immunity, boosted hp, almost no armour,
(amphibious), 8 rings, (camouflage 1), (gelatinous body 1), (nimble swimmer 1),
(tentacles)
a: no special abilities


You were on level 2 of the Dungeon.
You were a tree.
You visited 1 branch of the dungeon, and saw 2 of its levels.

You collected 45 gold pieces.

Inventory:

Hand Weapons
 a - a +2 short sword of venom (weapon)
 s - a +2 rapier of holy wrath
Missiles
 d - 18 stones (quivered)
 g - a throwing net
Jewellery
 h - a ring of protection from fire (left branch)
Talismans
 b - a beast talisman (active)
 c - a flux talisman
Scrolls
 f - 2 scrolls of fear
 i - a scroll of poison {unknown}
 j - a scroll of identify {unknown}
 k - a scroll of enchant armour {unknown}


   Skills:
 * Level 1.7 Fighting
 * Level 2.4 Dodging
 * Level 2.0 Stealth
 - Level 3.0 Unarmed Combat
 * Level 3.3 Shapeshifting


You had 2 spell levels left.
You didn't know any spells.
Your spell library was empty.

Dungeon Overview and Level Annotations

Branches:
Dungeon (2/15)

Altars:

Annotations:
D:2 Robin


Innate Abilities, Weirdness & Mutations

You are a tree.
Your roots penetrate the ground, keeping you stationary.
You cannot be teleported.
You are immune to unholy pain and torment.
Your maximum health is greatly increased.
You cannot wear most types of armour.
((You are amphibious.))
You can wear up to eight rings at the same time.
((Your skin changes colour to match your surroundings (Stealth+).))
((Your rubbery body absorbs attacks. (AC +1, EV +1)))
((You are camouflaged when in or above water. (Stealth+)))
((You have tentacles for arms and can constrict up to eight enemies at once.))


Message History

a +0 dagger; a goblin corpse
There is a stone staircase leading up here.
Things that are here:
a +0 dagger; a goblin corpse You see here a +0 chain mail.
Robin is nearby!
Throw: 19 stones
Press: ? - help, Q - select action, (/) - cycle Shift-Dir - straight line, f - Robin
Aim: Robin, wielding a +3 short sword of venom, wearing a +0 animal skin and wearing a +0 helmet (wandering, hasn't noticed you, 64% to hit)
You throw a stone.
Robin shouts!
The goblin shouts! x2
The stone hits Robin.
Robin is lightly wounded.
You hear a shout!
Robin roars a battlecry!
You start waiting.
Robin is nearby!
You barely miss Robin. You grab Robin.
Robin is lightly wounded.
You constrict Robin, but do no damage.
Robin hits you with a +3 short sword of venom.
You are poisoned.
You completely miss Robin.
Robin is lightly wounded.
You constrict Robin.
You feel sick.
Robin hits you with a +3 short sword of venom.
You are lethally poisoned!
You barely miss Robin.
Robin is moderately wounded.
You constrict Robin.
* * * LOW HITPOINT WARNING * * *
You feel very sick.
Robin hits you with a +3 short sword of venom.
* * * LOW HITPOINT WARNING * * *
You are more poisoned.
Your transformation has ended.
You turn into a tree.
Your roots penetrate the ground.
You lose your grip on Robin.
You die...

##.....## #..# ##...## #########
#.## ##..# #....<).# #.# ##.#
#...)...# #.# ##.# #...[...# #.##
#..# #.......# #..# #.##
#.......# ##.# ##.## #####.####
#.# #...####.g♣..# #.#
#.#......##### #.# ####g#.####.#
#######.# ####..g.#....#.#
####.......#
r...g#######.#.###.......####
###.....#..........##.##.# #####
....g...#......#......##.# #....
.##.##..#.#...........##.# ##.###
.##?#........#....g##.##.###.....


You could see Robin.

Vanquished Creatures
  An adder (D:2)
  3 endoplasms (D:2)
  3 hobgoblins
  3 quokkas
  2 ball pythons
  A frilled lizard (D:1)
  5 goblins
  6 kobolds (D:1)
24 creatures vanquished.

Notes
Turn   | Place    | Note
-------+----------+-------------------------------------------
     0 | D:1      | Chiseanne the Octopode Shapeshifter began the quest for the
                  | Orb.
     0 | D:1      | Reached XP level 1. HP: 13/13 MP: 1/1
   366 | D:1      | Reached skill level 1 in Stealth
   366 | D:1      | Reached XP level 2. HP: 12/18 MP: 2/2
   670 | D:1      | Found a faded altar of an unknown god.
   970 | D:2      | Reached XP level 3. HP: 23/23 MP: 3/3
  1101 | D:2      | Noticed Robin
  1257 | D:2      | Succumbed to Robin's poison

Illustrated notes

Levels and vault maps discovered:
D:1:      elethiomel_arrival_maze, layout_basic,
          shapermc_ecumenical_altar_totnotflames
D:2:      layout_loops_cross, uniq_robin

Skill      XL: |  1  2  3 |
---------------+----------+-----
Stealth        | 1 2 |  2.0
Fighting       | |  1.7
Dodging        | |  2.4
Unarmed Combat | |  3.0
Shapeshifting  | |  3.3

Action                     || total
---------------------------++-------
  Melee: Dagger            ||    13
         Constrict         ||    12
         Unarmed           ||     4
         Tentacles         ||     7
         Punch             ||     1
         Rapier            ||     9
         Short sword       ||    20
  Throw: Stone             ||     1
    Use: Scroll            ||     3
         Potion            ||     1
   Stab: Sleeping          ||     2
 Armour: Skin              ||    31
  Dodge: Dodged            ||    23
   Form: Beast             ||     1
